AoeStats
← Sir Lilo

Arabia

503472522Analyzed
1v1 RM · 1mo ago on Aug 31, 2026· 60m 31s· 2 players
Game mode
Random Map
Map size
Tiny (2 player)
Population
200
Speed
Normal
Resources
Standard
Victory
Conquest
Starting age
Dark Age
Ending age
Imperial Age
RankedLock teamsTeams togetherTeam positionsShared explorationLock speedFull tech treeHidden civsTurbo modeCheats
Victory
Defeat
🇫🇷 Vietnamese · France
817
+17
🇨🇱 Byzantines · Chile
840
-17
Furluk
7:30 Loom
10:01 Feudal Age
14:42 Double-Bit Axe
14:42 Horse Collar
19:54 Castle Age
18:22 Scale Barding Armor
19:07 Bloodlines
19:10 Forging
24:02 Bow Saw
23:55 Heavy Plow
23:48 Gold Mining
26:23 Pikeman
27:07 Scale Mail Armor
27:55 Stone Mining
29:13 Chain Mail Armor
29:36 Husbandry
31:27 Chain Barding Armor
37:28 Imperial Age
36:04 Stone Shaft Mining
36:09 Iron Casting
38:10 Ballistics
37:47 Murder Holes
38:06 Chatras
38:51 Elite Battle Elephant
40:18 Wheelbarrow
41:49 Plate Mail Armor
40:52 Halberdier
42:37 Fletching
42:48 Padded Archer Armor
44:14 Chemistry
44:52 Bodkin Arrow
45:13 Leather Archer Armor
45:17 Hand Cart
44:49 Town Watch
47:49 Bracer
48:20 Ring Archer Armor
50:02 Onager
51:43 Elite Rattan Archer
52:59 Town Patrol
54:25 Two-Man Saw
Sir Lilo
8:53 Loom
11:10 Feudal Age
12:58 Double-Bit Axe
18:53 Castle Age
18:45 Forging
20:43 Wheelbarrow
20:48 Iron Casting
21:29 Husbandry
25:43 Scale Barding Armor
25:58 Horse Collar
27:30 Husbandry
27:53 Pikeman
34:18 Imperial Age
34:06 Heavy Plow
34:45 Squires
35:28 Bow Saw
35:00 Halberdier
36:31 Hand Cart
37:13 Heavy Camel Rider
41:27 Scale Mail Armor
41:47 Chain Barding Armor
45:15 Light Cavalry
49:38 Fletching
49:50 Padded Archer Armor
49:12 Elite Skirmisher
50:26 Bodkin Arrow
51:06 Plate Barding Armor
51:38 Leather Archer Armor
53:55 Chemistry
60:33 Bracer
61:04 Ring Archer Armor
Connection lost

Rejoining the realm…

Still unreachable

The connection could not be restored.

Session expired

The server has moved on; the page needs a fresh start.